 Dungeon Crawl Stone Soup version 0.22-a0-265-g0d8bc90 (webtiles) character file.

61 RoseArtemis the Skirmisher (level 3, -1/33 HPs)
             Began as a Minotaur Fighter on Mar 7, 2018.
             Killed by nerve-wracking pain
             ... invoked by Jessica
              (11 damage)
             ... on level 2 of the Dungeon.
             The game lasted 00:02:37 (724 turns).

RoseArtemis the Skirmisher (Minotaur Fighter)        Turns: 724, Time: 00:02:38

Health: -1/33      AC:  7    Str: 26    XL:     3   Next: 83%
Magic:  2/2        EV:  7    Int:  5    God:
Gold:   27         SH:  9    Dex:  9    Spells: 2/2 levels left

rFire    . . .     SeeInvis .   a - +0 flail
rCold    . . .     Gourm    .   c - +0 shield
rNeg     . . .     Faith    .   b - +0 scale mail
rPois    .         Spirit   .   (helmet restricted)
rElec    .         Reflect  .   (no cloak)
rCorr    .         Harm     .   (no gloves)
MR       .....                  (no boots)
Stlth    ..........             (no amulet)
HPRegen  0.11/turn              (no ring)
MPRegen  0.08/turn              (no ring)

@: mighty
A: retaliatory headbutt, horns 2
a: no special abilities


You were on level 2 of the Dungeon.
You were not hungry.

You visited 1 branch of the dungeon, and saw 2 of its levels.

You collected 27 gold pieces.

Inventory:

Hand Weapons
 a - a +0 flail (weapon)
Armour
 b - a +0 scale mail (worn)
 c - a +0 shield (worn)
Jewellery
 e - an uncursed ring of resist corrosion {unknown}
Scrolls
 h - 3 scrolls of immolation {unknown}
 i - a scroll of remove curse {unknown}
 j - a scroll of identify {unknown}
Comestibles
 f - 3 rations
 g - a chunk of flesh


   Skills:
 + Level 4.2 Fighting
 * Level 4.0 Maces & Flails
 + Level 4.2 Armour
 - Level 3.6 Shields


You had 2 spell levels left.
You didn't know any spells.

Dungeon Overview and Level Annotations

Branches:
Dungeon (2/15)

Altars:

Annotations:
D:2 Jessica


Innate Abilities, Weirdness & Mutations

You reflexively headbutt those who attack you in melee.
You have a pair of horns on your head.


Message History

Jessica mumbles some strange words.
Jessica seems to speed up.
The adder bites you.
* * * LOW HITPOINT WARNING * * *
The goblin closely misses you.
You barely miss the goblin.
You kill the goblin!
You block the hobgoblin's attack. You block the adder's attack.
The goblin hits you but does no damage.
You sock the frilled lizard!
You kill the frilled lizard!
The adder barely misses you. You furiously retaliate!
You headbutt the adder!!
You kill the adder!
Your Maces & Flails skill increases to level 4!
You block the hobgoblin's attack. The goblin hits you but does no damage.
The hobgoblin hits you but does no damage.
You sock the goblin!
You kill the goblin!
Jessica points at you and mumbles some strange words.
Pain shoots through your body!
You die...

#.. ########.#
#........# #.######.#
.........# ## .....###.#
.. ...#.# #.#
#######.####.
..##.###.###...)@)@.)...
.........##....)gg.####.
.###.##...............!
.....##..##.###########
.###.##..##.# ..
......##.# #.##.###.#
#....# #.# #.#### #.#


You could see Jessica, a hobgoblin and a goblin.

Vanquished Creatures
  Robin (D:2)
  An adder (D:2)
  A ball python (D:1)
  13 goblins
  6 hobgoblins
  2 jackals (D:1)
  6 bats
  3 frilled lizards
  A kobold (D:1)
  A quokka skeleton (D:2)
  3 rats (D:1)
38 creatures vanquished.

Notes
Turn   | Place    | Note
-------+----------+-------------------------------------------
     0 | D:1      | RoseArtemis the Minotaur Fighter began the quest for the Orb.
     0 | D:1      | Reached XP level 1. HP: 19/19 MP: 0/0
   196 | D:1      | Reached XP level 2. HP: 27/27 MP: 1/1
   675 | D:2      | Reached XP level 3. HP: 31/33 MP: 2/2
   703 | D:2      | Noticed Robin
   709 | D:2      | Noticed Jessica
   712 | D:2      | Killed Robin
   724 | D:2      | Killed from afar by Jessica

Vault maps used:
D:1:      lightli_arrival_noodles
D:2:      chequers_ecumenical_altar_simple_redux, uniq_jessica, uniq_sigmund,
          uniq_natasha, uniq_robin

Skill      XL: |  1  2  3 |
---------------+----------+-----
Maces & Flails | 3 4 |  4.0
Fighting       | 4 |  4.2
Armour         | 4 |  4.2
Shields        | |  3.6

Action                   || total
-------------------------++-------
Melee: Flail             ||    79
       Headbutt          ||    10
  Use: Potion            ||     1
Armor: Scale mail        ||    64
Dodge: Dodged            ||    35
Block: Shield            ||    59

Table legend:
 A = Spawn XP
 B = Non-spawn XP
 C = Spawn XP percentage of total XP
 D = Spawn monster count
 E = Non-spawn monster count
 F = Spawn count percentage of total count
 G = Total turns spent on level
                    A         B        C        D         E        F      G
               +---------+---------+-------+---------+---------+-------+---------
         Total |       0 |      88 |   0.0 |       0 |      38 |   0.0 |   724
               +---------+---------+-------+---------+---------+-------+---------
           D:1 |       0 |      34 |   0.0 |       0 |      21 |   0.0 |   597
           D:2 |       0 |      54 |   0.0 |       0 |      17 |   0.0 |   127
               +---------+---------+-------+---------+---------+-------+---------
